 Dungeon Crawl Stone Soup version 0.21-a0-633-g4c047d5 (webtiles) character file.

109 KristoblXynda the Charmwright (level 4, 0/22 HPs)
             Began as a Spriggan Skald on Dec 28, 2017.
             Slain by a goblin
             ... wielding a +0 dagger
             ... led by Robin
              (4 damage)
             ... on level 3 of the Dungeon.
             The game lasted 00:06:25 (3540 turns).

KristoblXynda the Charmwright (Spriggan Skald)      Turns: 3540, Time: 00:06:27

Health: 0/22       AC:  2    Str:  8    XL:     4   Next: 60%
Magic:  4/10       EV: 20    Int: 19    God:
Gold:   151        SH:  0    Dex: 15    Spells: 3/10 levels left

rFire    . . .     SeeInvis +   a - +1 short sword
rCold    . . .     Gourm    .   (shield restricted)
rNeg     . . .     Faith    .   b - +0 robe
rPois    .         Spirit   .   (helmet restricted)
rElec    .         Reflect  .   (no cloak)
rCorr    +         Harm     .   (gloves unavailable)
MR       .....                  (boots unavailable)
Stlth    +.........             (no amulet)
HPRegen  1.07/turn              k - ring of resist corrosion
MPRegen  0.12/turn              (no ring)

@: brilliant, infused, flying, regenerating, very quick
A: very small, unfitting armour, see invisible, herbivore, speed 3, slow
metabolism 2
a: no special abilities


You were on level 3 of the Dungeon.
You were hungry.

You visited 1 branch of the dungeon, and saw 4 of its levels.

You collected 151 gold pieces.

Inventory:

Hand Weapons
 a - a +1 short sword (weapon)
Armour
 b - a +0 robe (worn)
Jewellery
 k - a ring of resist corrosion (left hand)
Wands
 n - a wand of polymorph (15)
 p - a wand of digging (7)
Scrolls
 e - a scroll of fear {unknown}
 f - a scroll of amnesia {unknown}
 g - 2 scrolls of identify {unknown}
 h - a scroll of blinking
 i - a scroll of enchant armour {unknown}
 j - a scroll of enchant weapon
Books
 c - a book of Battle

   Spells                             Type                      Level
   a - Infusion                       Charms                       1
   b - Shroud of Golubria             Charms/Translocation         2
   c - Song of Slaying                Charms                       2
   d - Spectral Weapon                Hexes/Charms                 3
   e - Regeneration                   Charms/Necromancy            3
Comestibles
 d - 6 rations


   Skills:
 - Level 1.5 Fighting
 + Level 3.3 Short Blades
 + Level 4.8 Dodging
 + Level 3.6 Spellcasting
 + Level 5.5 Charms


You had 3 spell levels left.
You knew the following spells:

 Your Spells              Type           Power        Failure   Level  Hunger
a - Infusion              Chrm           ####         1%          1    None
b - Regeneration          Chrm/Necr      ####......   1%          3    ###....
c - Spectral Weapon       Hex/Chrm       ####....     1%          3    ###....


Dungeon Overview and Level Annotations

Branches:
Dungeon (4/15)
 Temple: D:4-7

Altars:
Elyvilon

Annotations:
D:3 Anouleth's ghost, amateur GnSk; Robin


Innate Abilities, Weirdness & Mutations

You are very small and have problems with some larger weapons.
You are too small for most types of armour.
You have supernaturally acute eyesight. (SInv)
You are a herbivore.
You cover ground extremely quickly.
You need consume almost no food.


Message History

* * * LOW HITPOINT WARNING * * *
You hit the goblin.
The goblin is moderately wounded.
The goblin misses you. The goblin completely misses you.
You closely miss the goblin.
The goblin is moderately wounded.
The goblin closely misses you.
You barely miss the goblin. The goblin closely misses you. x2
Casting: Infusion
Confirm with . or Enter, or press ? or * to list all spells.
You begin infusing your attacks with magical energy.
The goblin completely misses you. The goblin barely misses you.
Unknown command.
Casting: Infusion
Confirm with . or Enter, or press ? or * to list all spells.
Your skin crawls.
You are feeling hungry.
The goblin no longer looks unusually strong.
The goblin barely misses you. The goblin hits you with a dagger.
You die...

#.##...#.≈≈..##' #..g..##'##
#.######.≈≈..... #(....#...#
#........≈≈≈.... #.....#...#
####..###.#≈≈≈≈≈≈≈#ggg..#≈≈≈#
.......##.##≈≈≈≈≈≈##gg'##≈≈≈#
####.#....# ####≈≈≈≈g..≈≈≈≈##
# #.#.#..# ###≈≈...≈≈### #
#.#.#..##########(..#.# #
#.#.#.......g@gggg(...#
####.#.#.###############.#
.......#....# #.#
####.######.# #.# #........#
#.#
########################.#
......................W..#
....######################
........#


You could see Robin, a hobgoblin and 3 goblins.

Vanquished Creatures
  An orc wizard (D:3)
  2 adders
  A dart slug (D:3)
  5 orcs (D:3)
  2 giant cockroaches
  14 goblins
  4 hobgoblins
  6 jackals (D:3)
  A ball python (D:2)
  4 bats
  3 frilled lizards
  A jackal skeleton (D:4)
  2 kobolds
  4 rats
50 creatures vanquished.

Notes
Turn   | Place    | Note
-------+----------+-------------------------------------------
     0 | D:1      | KristoblXynda the Spriggan Skald began the quest for the Orb.
     0 | D:1      | Reached XP level 1. HP: 10/10 MP: 5/5
   337 | D:1      | Reached XP level 2. HP: 14/14 MP: 3/6
  1279 | D:2      | Reached skill level 5 in Charms
  1279 | D:2      | Reached XP level 3. HP: 13/18 MP: 3/8
  1284 | D:2      | Learned a level 3 spell: Regeneration
  1288 | D:2      | Learned a level 3 spell: Spectral Weapon
  1476 | D:2      | Found a white marble altar of Elyvilon.
  1762 | D:3      | Noticed Anouleth's ghost (amateur GnSk)
  2044 | D:3      | Reached XP level 4. HP: 5/22 MP: 1/10
  2716 | D:4      | Noticed an ogre
  2726 | D:4      | HP: 1/22 [ogre/giant club (20)]
  2731 | D:4      | Noticed a crocodile
  2731 | D:4      | an ogre changed into a crocodile
  2743 | D:4      | Noticed a rime drake
  2743 | D:4      | a crocodile changed into a rime drake
  2757 | D:4      | Noticed a troll
  2757 | D:4      | a rime drake changed into a troll
  3488 | D:3      | Noticed Robin
  3540 | D:3      | Slain by a goblin

Vault maps used:
D:1:      kennysheep_arrival_seaside, minmay_bisected
D:2:      lemuel_coloured_pillars_altar
D:3:      kennysheep_goblin_castle, first_ration
D:4:      lemuel_round_altar, old_standard_altar, hangedman_minor_gate_pass,
          uniq_ijyb

Skill      XL: |  1  2  3 |
---------------+----------+-----
Dodging        | 4 |  4.8
Spellcasting   | 3 |  3.6
Charms         | 5 |  5.5
Short Blades   | 3 |  3.3
Fighting       | |  1.5

Action                   |  1- 3 |  4- 6 || total
-------------------------+-------+-------++-------
Melee: Short sword       |   118 |    70 ||   188
 Cast: Infusion          |     9 |     4 ||    13
       Regeneration      |       |     1 ||     1
Evoke: Wand              |       |     4 ||     4
  Use: Potion            |     2 |     3 ||     5
       Scroll            |     2 |     2 ||     4
 Stab: Sleeping          |     2 |       ||     2
Armor: Robe              |    11 |     6 ||    17
       Skin              |     2 |       ||     2
Dodge: Dodged            |    95 |    87 ||   182

Table legend:
 A = Spawn XP
 B = Non-spawn XP
 C = Spawn XP percentage of total XP
 D = Spawn monster count
 E = Non-spawn monster count
 F = Spawn count percentage of total count
 G = Total turns spent on level
                    A         B        C        D         E        F      G
               +---------+---------+-------+---------+---------+-------+---------
         Total |       0 |     157 |   0.0 |       0 |      50 |   0.0 |  3540
               +---------+---------+-------+---------+---------+-------+---------
           D:1 |       0 |      13 |   0.0 |       0 |      10 |   0.0 |   636
           D:2 |       0 |      32 |   0.0 |       0 |      12 |   0.0 |   913
           D:3 |       0 |     109 |   0.0 |       0 |      26 |   0.0 |  1870
           D:4 |       0 |       3 |   0.0 |       0 |       2 |   0.0 |   121
               +---------+---------+-------+---------+---------+-------+---------
